AoeStats
← Ux'RaúlME

Arena

507859990Analyzed
2v2 RM · 13d ago on Sep 20, 2026· 30m 59s· 4 players
Game mode
Random Map
Map size
Medium (4 player)
Population
200
Speed
Normal
Resources
Standard
Victory
Conquest
Starting age
Dark Age
Ending age
Imperial Age
RankedLock teamsTeams togetherTeam positionsShared explorationLock speedFull tech treeHidden civsTurbo modeCheats
Victory
Defeat
🇲🇽 Bohemians · Mexico
1222
+11
🇲🇽 Vikings · Mexico
1120
+14
🇨🇳 Turks · China
1126
-14
🇺🇸 Poles · United States
1065
-11
逆天小肥猪
10:36 Feudal Age
14:54 Castle Age
12:52 Double-Bit Axe
13:30 Horse Collar
16:25 Bow Saw
21:38 Loom
22:17 Stone Mining
22:50 Gold Mining
28:27 Imperial Age
26:24 Scale Barding Armor
26:36 Devotion
26:50 Forging
27:22 Wheelbarrow
30:48 Imperial Age
28:34 Town Watch
29:26 Chain Barding Armor
30:49 Bloodlines
30:39 Husbandry
Noisemaker64
5:04 Loom
10:54 Feudal Age
11:52 Horse Collar
12:02 Double-Bit Axe
18:15 Castle Age
22:57 Forging
23:24 Heavy Plow
24:10 Light Cavalry
27:45 Wheelbarrow
27:32 Bloodlines
27:54 Husbandry
32:50 Imperial Age
30:33 Szlachta Privileges
31:18 Iron Casting
30:49 Scale Barding Armor
Ux'RaúlME
10:05 Feudal Age
9:43 Loom
13:56 Castle Age
12:32 Double-Bit Axe
16:58 Fervor
20:41 Bow Saw
24:59 Imperial Age
24:11 Sanctity
24:44 Fletching
26:35 Conscription
26:50 Block Printing
27:50 Bodkin Arrow
30:03 Redemption
30:30 Illumination
Ux'RaulitoMD
10:54 Feudal Age
15:05 Castle Age
13:02 Double-Bit Axe
13:00 Horse Collar
13:39 Loom
13:40 Town Watch
16:22 Fletching
16:39 Scale Barding Armor
16:45 Forging
25:50 Bodkin Arrow
25:56 Scale Mail Armor
26:31 Iron Casting
25:59 Padded Archer Armor
26:35 Bow Saw
26:29 Heavy Plow
30:08 Imperial Age
28:16 Chain Mail Armor
30:05 Leather Archer Armor
30:11 Chain Barding Armor
29:18 Crossbowman
29:20 Elite Skirmisher
32:17 Chemistry
31:13 Murder Holes
31:29 Fortified Wall
31:31 Masonry
Connection lost

Rejoining the realm…

Still unreachable

The connection could not be restored.

Session expired

The server has moved on; the page needs a fresh start.